 Dungeon Crawl Stone Soup version 0.30-a0-6-g7c9e10e132 (webtiles) character file.

Game seed: 773235311172910304

0 purpskrrrp the Trooper (level 1, -1/19 HPs)
             Began as a Minotaur Abyssal Knight on Aug 22, 2022.
             Was a Follower of Lugonu.
             Slain by a quokka (3 damage)
             ... on level 1 of the Dungeon.
             The game lasted 00:02:31 (415 turns).

purpskrrrp the Trooper (Minotaur Abyssal Knight)     Turns: 415, Time: 00:02:31

Health: -1/19      AC:  3    Str: 17    XL:     1   Next: 8%
Magic:  1/1        EV: 11    Int:  7    God:    Lugonu [*.....]
Gold:   12         SH:  0    Dex: 10    Spells: 0/0 levels left

rFire   + . .      SeeInvis .    a - +1 mace
rCold   x . .      Faith    .    (no shield)
rNeg    . . .      Spirit   .    b - +0 leather armour
rPois   .          Reflect  .    (helmet unavailable)
rElec   .          Harm     .    (no cloak)
rCorr   .          Rampage  .    (no gloves)
Will    .....                    (no boots)
Stlth   +.........               (no amulet)
HPRegen 0.06/turn                c - ring of fire
MPRegen 0.07/turn                (no ring)

@: no status effects
A: horns 3, retaliatory headbutt
a: Renounce Religion, Depart the Abyss


You were on level 1 of the Dungeon.
You worshipped Lugonu.
Lugonu was aware of your devotion.
You visited 1 branch of the dungeon, and saw 1 of its levels.
You visited the Abyss 1 time.

You collected 12 gold pieces.

Inventory:

Hand Weapons
 a - a +1 mace (weapon)
Armour
 b - a +0 leather armour (worn)
Jewellery
 c - a ring of fire (left hand)
Scrolls
 d - 2 scrolls of poison {unknown}


   Skills:
 - Level 3.6 Fighting
 * Level 2.4 Maces & Flails
 + Level 2.4 Armour
 - Level 1.1 Dodging
 - Level 1.7 Invocations


You couldn't memorise any spells.
You didn't know any spells.
Your spell library was empty.

Dungeon Overview and Level Annotations

Branches:
Dungeon (1/15)

Altars:


Innate Abilities, Weirdness & Mutations

You have a pair of large horns on your head.
You reflexively headbutt those who attack you in melee.


Message History

The quokka is almost dead.
The quokka bites you but does no damage.
You closely miss the quokka.
The quokka is almost dead.
The quokka barely misses you. The quokka bites you.
You are too injured to fight recklessly!
You are too injured to fight recklessly!
You are too injured to fight recklessly!
You are too injured to fight recklessly!
You are too injured to fight recklessly!
You are too injured to fight recklessly!
You are too injured to fight recklessly!
Hit: a) +1 mace
Press: ? - help, Dir - move target, f - quokka
Aim: a quokka (almost dead, about 50% to evade your +1 mace)
You closely miss the quokka.
The quokka is almost dead.
The quokka bites you but does no damage.
Hit: a) +1 mace
Press: ? - help, Dir - move target, f/p - quokka
Aim: a quokka (almost dead, about 50% to evade your +1 mace)
You closely miss the quokka.
The quokka is almost dead.
The quokka closely misses you. The quokka bites you.
Hit: a) +1 mace
Press: ? - help, Dir - move target, f/p - quokka
Aim: a quokka (severely wounded, about 50% to evade your +1 mace)
You hit the quokka but do no damage. Your headbutt misses the quokka.
The quokka is severely wounded.
The quokka bites you.
* * * LOW HITPOINT WARNING * * *
Hit: a) +1 mace
Press: ? - help, Dir - move target, f/p - quokka
Aim: a quokka (severely wounded, about 50% to evade your +1 mace)
You barely miss the quokka.
The quokka is severely wounded.
The quokka bites you.
* * * LOW HITPOINT WARNING * * *
The quokka bites you.
You die...

#........ #........
#........ #........
#........ #........
#.r...... ##@#..
#..#.# ### ##.##.#
....
#..##.##..#######
#>.......##.....##
####..####.......##
##.###.(.......#+
##.##...........#
#..'.............


You could see a quokka.

Vanquished Creatures
  A ball python (D:1)
1 creature vanquished.

Notes
Turn   | Place    | Note
-------+----------+-------------------------------------------
     0 | Abyss:1  | purpskrrrp the Minotaur Abyssal Knight began the quest for
                  | the Orb.
     0 | Abyss:1  | Reached XP level 1. HP: 19/19 MP: 1/1
     2 | Abyss:1  | Found a corrupted altar of Lugonu.
    96 | Abyss:1  | Noticed a shadow
   322 | Abyss:1  | Noticed a spatial maelstrom
   334 | Abyss:1  | Noticed a neqoxec
   361 | Abyss:1  | Noticed a thrashing horror
   365 | Abyss:1  | Gained mutation: You have a pair of large horns on your
                  | head. [a neqoxec]
   368 | D:1      | Escaped the Abyss
   415 | D:1      | Slain by a quokka

Illustrated notes

Levels and vault maps discovered:
D:1:      lemuel_arrival_rhombus, layout_basic,
          nicolae_ecumenical_snake_handling

Action                   || total
-------------------------++-------
Melee: Mace              ||    13
Invok: Depart the Abyss  ||     1
Armor: Leather armour    ||     5
Dodge: Dodged            ||     7

Table legend: (Time is in decaauts)
 A = Elapsed time spent in this place.
 B = Non-inter-level travel time spent in this place.
 C = Inter-level travel time spent in this place.
 D = Time resting spent in this place.
 E = Time spent auto-exploring this place.
 F = Levels seen in this place.
 G = Mean time per level.
                   A        B        C        D        E       F      G
               +--------+--------+--------+--------+--------+-----+--------+
         Total |    417 |    417 |      0 |      0 |    294 |   2 |  208.5 |
       Dungeon |     49 |     49 |      0 |      0 |     13 |   1 |   49.0 |
         Abyss |    368 |    368 |      0 |      0 |    281 |   1 |  368.0 |
               +--------+--------+--------+--------+--------+-----+--------+

Top non-repeatable levels by time:
 Abyss:1: 368 daAuts
     D:1: 49 daAuts
